 Dungeon Crawl Stone Soup version 0.21.1-1-g345015f (webtiles) character file.

1040 tidbits the Chiller (level 8, -11/58 HPs)
             Began as a Gnoll Ice Elementalist on Apr 1, 2018.
             Mangled by a cyclops (16 damage)
             ... on level 7 of the Dungeon.
             The game lasted 00:23:15 (1844 turns).

tidbits the Chiller (Gnoll Ice Elementalist)        Turns: 1844, Time: 00:23:16

Health: -11/58     AC:  8    Str: 12    XL:     8   Next: 24%
Magic:  2/16       EV: 15    Int: 19    God:
Gold:   178        SH:  0    Dex: 15    Spells: 8/18 levels left

rFire    . . .     SeeInvis .   a - +0 dagger (venom)
rCold    . . .     Gourm    +   (no shield)
rNeg     . . .     Faith    .   B - +0 robe
rPois    .         Spirit   .   (no helmet)
rElec    .         Reflect  .   (no cloak)
rCorr    .         Harm     .   (no gloves)
MR       .....                  (no boots)
Stlth    +++.......             t - amulet of the gourmand
HPRegen  0.19/turn              (no ring)
MPRegen  0.15/turn              (no ring)

@: icy armour, very slightly contaminated, slow
A: distributed training, fangs 1, strong nose
a: no special abilities


You were on level 7 of the Dungeon.
You were near starving.

You visited 2 branches of the dungeon, and saw 9 of its levels.

You collected 483 gold pieces.
You spent 305 gold pieces at shops.

Inventory:

Hand Weapons
 a - a +0 dagger of venom (weapon)
   (You took it off an orc on level 4 of the Dungeon)
 q - a +0 trident
 s - a +0 short sword
 u - a +1 dagger of holy wrath
   (You found it on level 6 of the Dungeon)
 v - a +0 blowgun
Missiles
 j - 2 curare-tipped needles
 n - 44 arrows
 x - 2 tomahawks (quivered)
 y - a stone
Armour
 B - a +0 robe (worn)
Jewellery
 t - an amulet of the gourmand (around neck)
   (You found it on level 4 of the Dungeon)
 D - an uncursed ring of teleportation
   (You bought it in a shop on level 4 of the Dungeon)
Wands
 d - a wand of digging (29)
 p - a wand of polymorph (19)
Scrolls
 f - a scroll of fog
 m - a scroll of amnesia
 r - a scroll of random uselessness
 z - 2 scrolls of enchant armour
 F - a scroll of holy word {unknown}
Potions
 e - a potion of heal wounds
 g - a potion of agility {unknown}
 h - a potion of brilliance {unknown}
 i - a potion of cancellation {unknown}
 k - 4 potions of curing {unknown}
 l - a potion of mutation {unknown}
 o - 2 potions of flight {unknown}
 w - a potion of ambrosia
 A - a potion of might {unknown}
 E - 4 potions of resistance {unknown}
Books
 b - a book of Frost

   Spells                             Type                      Level
   a - Freeze                         Ice                          1
   b - Throw Frost                    Conjuration/Ice              2
   c - Ozocubu's Armour               Charms/Ice                   3
   d - Throw Icicle                   Conjuration/Ice              4
   e - Summon Ice Beast               Ice/Summoning                4
Comestibles
 c - 12 rations


   Skills:
 + Level 3.0 Fighting
 + Level 3.0 Short Blades
 + Level 3.0 Long Blades
 + Level 3.0 Axes
 + Level 3.0 Maces & Flails
 + Level 3.0 Polearms
 + Level 3.0 Staves
 + Level 3.0 Slings
 + Level 3.0 Bows
 + Level 3.0 Crossbows
 + Level 3.0 Throwing
 + Level 3.0 Armour
 + Level 5.5 Dodging
 + Level 5.2 Stealth
 + Level 3.0 Shields
 + Level 3.0 Unarmed Combat
 + Level 5.9 Spellcasting
 + Level 3.3 Conjurations
 + Level 2.4 Hexes
 + Level 2.4 Charms
 + Level 2.4 Summonings
 + Level 2.4 Necromancy
 + Level 2.4 Translocations
 + Level 2.4 Transmutations
 + Level 2.4 Fire Magic
 + Level 6.0 Ice Magic
 + Level 2.4 Air Magic
 + Level 2.4 Earth Magic
 + Level 2.4 Poison Magic
 + Level 3.3 Invocations
 + Level 3.0 Evocations


You had 8 spell levels left.
You knew the following spells:

 Your Spells              Type           Power        Failure   Level  Hunger
a - Freeze                Ice            ####         1%          1    None
j - Throw Frost           Conj/Ice       ###...       2%          2    None
o - Ozocubu's Armour      Chrm/Ice       ###.....     6%          3    ##.....
x - Summon Ice Beast      Ice/Summ       ###.....     19%         4    ####...


Dungeon Overview and Level Annotations

Branches:
Dungeon (8/15)             Temple (1/1) D:5
   Lair: D:8-11

Altars:
Ashenzari
Gozag
Kikubaaqudgha
Nemelex Xobeh
Okawaru
Qazlal
Ru
Sif Muna
Trog
Uskayaw
Vehumet
Wu Jian
Xom
Zin
The Shining One

Shops:
D:4 *

Annotations:
D:4 exclusion: iron imp


Innate Abilities, Weirdness & Mutations

Your experience applies equally to all skills.
You have very sharp teeth.
Your uncanny sense of smell can sniff out nearby items.


Message History

A chill wind blows around you.
Attack whom?
Press: ? - help, Dir - move target cursor, f/p - orc wizard
Aim: an orc wizard, wielding a dagger and wearing a robe (heavily wounded)
You reach to attack!
You hit the orc wizard.
The orc wizard is severely wounded.
The orc wizard mumbles some strange words.
The orc wizard flickers and vanishes!
Attack whom?
Press: ? - help, Dir - move target cursor You reach to attack!
You hit something but do no damage.
Evoke which item? (* to show all) (? for menu, Esc to quit)
Okay, then.
Attack whom?
Press: ? - help, Dir - move target cursor You reach to attack!
You miss something.
Attack whom?
Press: ? - help, Dir - move target cursor You reach to attack!
You closely miss something.
Attack whom?
Press: ? - help, Dir - move target cursor You reach to attack!
You barely miss something.
Attack whom?
Press: ? - help, Dir - move target cursor You reach to attack!
You hit something.
Attack whom?
Press: ? - help, Dir - move target cursor You reach to attack!
You hit something.
Attack whom?
Press: ? - help, Dir - move target cursor You reach to attack!
You miss something.
Attack whom?
Press: ? - help, Dir - move target cursor You reach to attack!
You miss something.
Attack whom?
Press: ? - help, Dir - move target cursor You reach to attack!
You miss something.
Found a deep blue altar of Sif Muna.
You swap places.
A puff of frost appears from out of thin air!
The puff of frost hits you!
A magic dart appears from out of thin air!
The magic dart hits you!
You hear some strange, mumbled words.
There is a stone staircase leading down here.
You climb downwards.
Your summoned ally is left behind.
There is a stone staircase leading up here.
Unknown command.
Your icy armour starts to melt.
Your icy armour evaporates.
A cyclops comes into view.
Found 13 gold pieces.
Wield which item (- for none, * to show all)? (? for menu, Esc to quit)
Your +0 dagger of venom begins to drip with poison!
a - a +0 dagger of venom (weapon)
The cyclops shouts!
A hornet comes into view.
Casting: Summon Ice Beast
Confirm with . or Enter, or press ? or * to list all spells.
A film of ice covers your body!
The hornet buzzes angrily.
You hear a shout!
The hornet moves out of view.
The cyclops hits you!!
* * * LOW HITPOINT WARNING * * *
Casting: Ozocubu's Armour
Confirm with . or Enter, or press ? or * to list all spells.
A chill wind blows around you.
You are near starving!
The cyclops completely misses you.
Evoke which item? (* to show all) (? for menu, Esc to quit)
Okay, then.
You hit the cyclops but do no damage.
Casting: Summon Ice Beast
Confirm with . or Enter, or press ? or * to list all spells.
You miscast Summon Ice Beast.
You are very lightly contaminated with residual magic.
You feel a strange surge of energy!
Your ice beast hits the cyclops but does no damage.
The cyclops completely misses you.
Casting: Summon Ice Beast
Confirm with . or Enter, or press ? or * to list all spells.
A chill wind blows around you.
Your ice beast hits the cyclops but does no damage.
The cyclops barely misses you.
You hit the cyclops.
The cyclops is poisoned.
The cyclops is lightly wounded.
Your ice beast hits the cyclops but does no damage.
You hit the cyclops but do no damage.
The cyclops looks as sick as possible!
The cyclops is lightly wounded.
Your ice beast barely misses the cyclops.
Your ice beast hits the cyclops but does no damage.
The cyclops hits you!!
* * * LOW HITPOINT WARNING * * *
You barely miss the cyclops.
The cyclops is lightly wounded.
Your ice beast hits the cyclops.
Your ice beast freezes the cyclops!
Your ice beast hits the cyclops but does no damage.
You hit the cyclops but do no damage. You bite the cyclops, but do no damage.
The cyclops is heavily wounded.
The cyclops hits you!
You die...

......### ...
........# ....
......#.# ######....
##<.....# #.......$.
##..#########.........
##.>..................
....#.########..##...
....#.# ##.## ....#..
#Y@# (##.####.## ##C#
.(......... .Y.
.....###.# ##.#.
...#.###.# #.#..
####...#.# #.. ..
#......##### ##. ...
#........... . #..
###......#### .


You could see a cyclops and 2 friendly ice beasts.

Vanquished Creatures
  A hornet (D:7)
  An ice beast (D:5)
  2 centaurs (D:7)
  An ogre (D:5)
  3 scorpions (D:6)
  An orc priest (D:8)
  2 orc wizards
  2 iguanas (D:4)
  2 worker ants
  A gnoll (D:2)
  A howler monkey skeleton (D:4)
  3 adders
  A shadow imp (D:7)
  An ooze (D:3)
  3 leopard geckos
  12 orcs
  2 giant cockroaches
  2 hobgoblins
  2 jackals (D:3)
  3 quokkas
  3 bats
  3 frilled lizards
  3 goblins
  6 kobolds
  A leopard gecko skeleton (D:5)
  2 rats (D:3)
64 creatures vanquished.

Vanquished Creatures (collateral kills)
  An ice beast (D:4)
  A bullfrog (D:7)
  A crimson imp (D:8)
  2 hounds (D:6)
  An orc priest (D:8)
  2 orcs (D:8)
  2 goblins (D:3)
  2 hobgoblins (D:3)
  3 jackals (D:6)
  A kobold (D:3)
  A jackal skeleton (D:5)
17 creatures vanquished.

Grand Total: 81 creatures vanquished

Notes
Turn   | Place    | Note
-------+----------+-------------------------------------------
     0 | D:1      | tidbits the Gnoll Ice Elementalist began the quest for the Orb.
     0 | D:1      | Reached XP level 1. HP: 13/13 MP: 6/6
   116 | D:2      | Reached skill level 2 in Conjurations
   116 | D:2      | Reached XP level 2. HP: 13/20 MP: 2/7
   122 | D:2      | Learned a level 2 spell: Throw Frost
   172 | D:2      | Reached XP level 3. HP: 7/25 MP: 2/9
   180 | D:1      | Reached skill level 5 in Spellcasting
   194 | D:1      | Learned a level 3 spell: Ozocubu's Armour
   315 | D:3      | Reached skill level 1 in Invocations
   349 | D:5      | Entered Level 5 of the Dungeon
   403 | D:4      | Reached skill level 1 in Fighting
   403 | D:4      | Reached skill level 1 in Short Blades
   403 | D:4      | Reached skill level 1 in Long Blades
   403 | D:4      | Reached skill level 1 in Axes
   403 | D:4      | Reached skill level 1 in Maces & Flails
   403 | D:4      | Reached skill level 1 in Polearms
   403 | D:4      | Reached skill level 1 in Staves
   403 | D:4      | Reached skill level 1 in Slings
   403 | D:4      | Reached skill level 1 in Bows
   403 | D:4      | Reached skill level 1 in Crossbows
   403 | D:4      | Reached skill level 1 in Throwing
   403 | D:4      | Reached skill level 1 in Armour
   403 | D:4      | Reached skill level 1 in Shields
   403 | D:4      | Reached skill level 1 in Unarmed Combat
   403 | D:4      | Reached skill level 1 in Evocations
   403 | D:4      | Reached XP level 4. HP: 30/32 MP: 8/11
   409 | D:4      | Learned a level 4 spell: Summon Ice Beast
   438 | D:4      | Reached skill level 1 in Hexes
   438 | D:4      | Reached skill level 1 in Charms
   438 | D:4      | Reached skill level 1 in Summonings
   438 | D:4      | Reached skill level 1 in Necromancy
   438 | D:4      | Reached skill level 1 in Translocations
   438 | D:4      | Reached skill level 1 in Transmutations
   438 | D:4      | Reached skill level 1 in Fire Magic
   438 | D:4      | Reached skill level 1 in Air Magic
   438 | D:4      | Reached skill level 1 in Earth Magic
   438 | D:4      | Reached skill level 1 in Poison Magic
   438 | D:4      | Reached XP level 5. HP: 37/37 MP: 2/12
   636 | D:5      | Noticed an ogre
   648 | D:5      | Killed an ogre
   669 | D:5      | Noticed an ice beast
   670 | D:5      | Found a hide-covered altar of Uskayaw.
   675 | D:4      | Noticed an ice beast
   691 | D:4      | HP: 2/38 [ice beast (9)]
   695 | D:4      | Killed an ice beast
   695 | D:4      | Reached skill level 2 in Invocations
   695 | D:4      | Reached XP level 6. HP: 16/44 MP: 8/14
   722 | D:3      | Found a sparkling altar of Nemelex Xobeh.
   762 | D:4      | Reached skill level 2 in Fighting
   762 | D:4      | Reached skill level 2 in Short Blades
   762 | D:4      | Reached skill level 2 in Long Blades
   762 | D:4      | Reached skill level 2 in Axes
   762 | D:4      | Reached skill level 2 in Maces & Flails
   762 | D:4      | Reached skill level 2 in Polearms
   762 | D:4      | Reached skill level 2 in Staves
   762 | D:4      | Reached skill level 2 in Slings
   762 | D:4      | Reached skill level 2 in Bows
   762 | D:4      | Reached skill level 2 in Crossbows
   762 | D:4      | Reached skill level 2 in Throwing
   762 | D:4      | Reached skill level 2 in Armour
   762 | D:4      | Reached skill level 5 in Dodging
   762 | D:4      | Reached skill level 2 in Shields
   762 | D:4      | Reached skill level 2 in Unarmed Combat
   762 | D:4      | Reached skill level 2 in Evocations
   935 | D:4      | Found a glowing golden altar of the Shining One.
   948 | D:4      | Found Janoch's Assorted Antiques.
   977 | D:4      | Bought a fluorescent wand for 84 gold pieces
   977 | D:4      | Bought a scroll labeled KEITZA ITHREULE for 21 gold pieces
   977 | D:4      | Bought an ivory ring for 105 gold pieces
   977 | D:4      | Bought 2 orange potions for 37 gold pieces
   977 | D:4      | Bought a scroll labeled ONI ACOIDYHA for 21 gold pieces
   977 | D:4      | Bought 2 orange potions for 37 gold pieces
  1138 | D:6      | Found a bloodstained altar of Trog.
  1172 | D:6      | Reached XP level 7. HP: 50/50 MP: 13/15
  1268 | D:5      | Found a staircase to the Ecumenical Temple.
  1285 | Temple   | Entered the Ecumenical Temple
  1398 | D:6      | Found a radiant altar of Vehumet.
  1459 | D:7      | Reached skill level 3 in Conjurations
  1459 | D:7      | Reached skill level 2 in Hexes
  1459 | D:7      | Reached skill level 2 in Charms
  1459 | D:7      | Reached skill level 2 in Summonings
  1459 | D:7      | Reached skill level 2 in Necromancy
  1459 | D:7      | Reached skill level 2 in Translocations
  1459 | D:7      | Reached skill level 2 in Transmutations
  1459 | D:7      | Reached skill level 2 in Fire Magic
  1459 | D:7      | Reached skill level 2 in Air Magic
  1459 | D:7      | Reached skill level 2 in Earth Magic
  1459 | D:7      | Reached skill level 2 in Poison Magic
  1483 | D:6      | Found an iron altar of Okawaru.
  1526 | D:8      | Reached skill level 5 in Stealth
  1610 | D:7      | Noticed a hornet
  1616 | D:7      | Reached skill level 3 in Invocations
  1625 | D:7      | Killed a hornet
  1625 | D:7      | Reached skill level 6 in Ice Magic
  1625 | D:7      | Reached XP level 8. HP: 47/57 MP: 2/16
  1713 | D:5      | Reached skill level 3 in Fighting
  1713 | D:5      | Reached skill level 3 in Short Blades
  1713 | D:5      | Reached skill level 3 in Long Blades
  1713 | D:5      | Reached skill level 3 in Axes
  1713 | D:5      | Reached skill level 3 in Maces & Flails
  1713 | D:5      | Reached skill level 3 in Polearms
  1713 | D:5      | Reached skill level 3 in Staves
  1713 | D:5      | Reached skill level 3 in Slings
  1713 | D:5      | Reached skill level 3 in Bows
  1713 | D:5      | Reached skill level 3 in Crossbows
  1713 | D:5      | Reached skill level 3 in Throwing
  1713 | D:5      | Reached skill level 3 in Armour
  1713 | D:5      | Reached skill level 3 in Shields
  1713 | D:5      | Reached skill level 3 in Unarmed Combat
  1713 | D:5      | Reached skill level 3 in Evocations
  1802 | D:6      | Found a deep blue altar of Sif Muna.
  1831 | D:7      | Noticed a cyclops
  1836 | D:7      | Noticed a hornet
  1842 | D:7      | HP: 4/58 [cyclops (24)]
  1844 | D:7      | Mangled by a cyclops

Skill      XL: |  1  2  3  4  5  6  7  8 |
---------------+-------------------------+-----
Conjurations   | 2 3 |  3.3
Spellcasting   | 5 |  5.9
Invocations    | 1 2 3 |  3.3
Fighting       | 1 2 3 |  3.0
Short Blades   | 1 2 3 |  3.0
Long Blades    | 1 2 3 |  3.0
Axes           | 1 2 3 |  3.0
Maces & Flails | 1 2 3 |  3.0
Polearms       | 1 2 3 |  3.0
Staves         | 1 2 3 |  3.0
Slings         | 1 2 3 |  3.0
Bows           | 1 2 3 |  3.0
Crossbows      | 1 2 3 |  3.0
Throwing       | 1 2 3 |  3.0
Armour         | 1 2 3 |  3.0
Shields        | 1 2 3 |  3.0
Unarmed Combat | 1 2 3 |  3.0
Evocations     | 1 2 3 |  3.0
Hexes          | 1 2 |  2.4
Charms         | 1 2 |  2.4
Summonings     | 1 2 |  2.4
Necromancy     | 1 2 |  2.4
Translocations | 1 2 |  2.4
Transmutations | 1 2 |  2.4
Fire Magic     | 1 2 |  2.4
Air Magic      | 1 2 |  2.4
Earth Magic    | 1 2 |  2.4
Poison Magic   | 1 2 |  2.4
Dodging        | 5 |  5.5
Stealth        | 5 |  5.2
Ice Magic      | 6 |  6.0

Action                   |  1- 3 |  4- 6 |  7- 9 || total
-------------------------+-------+-------+-------++-------
Melee: Short sword       |    25 |    16 |       ||    41
       Bite              |     2 |    10 |     4 ||    16
       Trident           |       |    14 |    32 ||    46
       Dagger            |       |    61 |    60 ||   121
       Punch             |       |     1 |     1 ||     2
Throw: Tomahawk          |       |     1 |       ||     1
 Cast: Freeze            |    19 |    24 |       ||    43
       Ozocubu's Armour  |     3 |    10 |     9 ||    22
       Summon Ice Beast  |       |     5 |    10 ||    15
Evoke: Wand              |       |       |     1 ||     1
  Use: Potion            |       |     1 |       ||     1
       Scroll            |       |    10 |     2 ||    12
 Stab: Sleeping          |     6 |     3 |     2 ||    11
       Distracted        |       |       |     3 ||     3
  Eat: Chunk             |       |     2 |     3 ||     5
Armor: Robe              |    10 |    21 |    21 ||    52
Dodge: Dodged            |    21 |    75 |    47 ||   143

Table legend:
 A = Turns spent in this place as a percentage of turns spent in the entire game.
 B = Non-inter-level travel turns spent in this place as a percentage of non-inter-level travel turns spent in the entire game.
 C = Inter-level travel turns spent in this place as a percentage of turns spent in this place.
 D = Turns resting spent in this place as a percentage of non-inter-level travel turns spent in this place.
 E = Turns spent auto-exploring this place as a percentage of non-inter-level travel turns spent in this place.
 F = Non-inter-level travel turns spent in this place divided by the number of levels of this place that you've seen.
                   A       B       C       D       E      F
               +-------+-------+-------+-------+-------+----------------------
         Total | 100.0 | 100.0 |   1.2 |   0.0 |   0.0 | 202.4
       Dungeon |  96.7 |  96.7 |   1.2 |   0.0 |   0.0 | 220.1
        Temple |   3.3 |   3.3 |   0.0 |   0.0 |   0.0 |  61.0
               +-------+-------+-------+-------+-------+----------------------

Table legend:
 A = Kills in this place as a percentage of kills in entire the game.
 B = Kills by you in this place as a percentage of kills by you in the entire game.
 C = Kills by friends in this place as a percentage of kills by friends in the entire game.
 D = Other kills in this place as a percentage of other kills in the entire game.
 E = Experience gained in this place as a percentage of experience gained in the entire game.
 F = Experience gained in this place divided by the number of levels of this place that you have seen.
                   A       B       C       D       E      F
               +-------+-------+-------+-------+-------+----------------------
         Total | 100.0 | 100.0 | 100.0 |   N/A | 100.0 | 165.2
       Dungeon | 100.0 | 100.0 | 100.0 |   N/A | 100.0 | 185.9
               +-------+-------+-------+-------+-------+----------------------

Vault maps used:
D:1:      sevenhm_arrival_forest_fort_small_3, st_stairs_14
D:3:      nemelex_xobeh_ov_fountains_minmay, lemuel_doored_altar
D:4:      minmay_diamond_boxcup, demons_altar, tso_oasis_becter, serial_shops,
          shop_coins
D:5:      minmay_temple_entry_statues_pillars, basic_altar, first_ration
D:6:      kennysheep_little_box, kennysheep_mini, fiery_altar_vehumet, tgw_sif
D:7:      overflow_temple_1_default
Temple:   nicolae_temple_figure_zero
